 Dungeon Crawl Stone Soup version 0.21-a0-401-g0b6bec4 (webtiles) character file.

243 Mitsuki the Shield-Bearer (level 6, 0/39 HPs)
             Began as a Gargoyle Fighter on Oct 25, 2017.
             Slain by an orc wizard
             ... wielding a +0 dagger
              (3 damage)
             ... on level 3 of the Dungeon.
             The game lasted 00:04:14 (2728 turns).

Mitsuki the Shield-Bearer (Gargoyle Fighter)        Turns: 2728, Time: 00:04:15

Health: 0/39       AC: 12    Str: 21    XL:     6   Next: 9%
Magic:  6/6        EV:  7    Int:  9    God:
Gold:   116        SH:  9    Dex:  9    Spells: 5/5 levels left

rFire    . . .     SeeInvis .   a - +0 flail
rCold    . . .     Gourm    .   c - +0 shield
rNeg     + . .     Faith    .   b - +0 scale mail
rPois    ∞         Spirit   .   (no helmet)
rElec    +         Reflect  .   l - +0 cloak
rCorr    .         Harm     .   (no gloves)
MR       .....                  (no boots)
Stlth    ..........             (no amulet)
HPRegen  0.13/turn              (no ring)
MPRegen  0.10/turn              (no ring)

@: no status effects
A: negative energy resistance 1, electricity resistance, unbreathing,
petrification resistance, rot immunity, AC +4
a: no special abilities


You were on level 3 of the Dungeon.
You were not hungry.

You visited 1 branch of the dungeon, and saw 3 of its levels.

You collected 116 gold pieces.

Inventory:

Hand Weapons
 a - a +0 flail (weapon)
Armour
 b - a +0 scale mail (worn)
 c - a +0 shield (worn)
 l - a +0 cloak (worn)
 r - a +1 helmet
Jewellery
 p - a +3 ring of strength {unknown}
Scrolls
 e - 3 scrolls of identify {unknown}
 h - 2 scrolls of teleportation {unknown}
 j - 3 scrolls of amnesia {unknown}
 m - a scroll of remove curse {unknown}
 n - a scroll of magic mapping {unknown}
 t - 2 scrolls of immolation {unknown}
 v - a scroll of enchant armour {unknown}
Potions
 d - a potion of might
 k - 2 potions of curing {unknown}
 o - a potion of heal wounds {unknown}
 s - a potion of brilliance {unknown}
 u - a potion of mutation {unknown}
Comestibles
 f - 3 bread rations
 g - 3 royal jellies
 i - a meat ration
 q - a chunk of flesh


   Skills:
 + Level 4.5 Fighting
 + Level 3.4 Maces & Flails
 + Level 4.6 Armour
 + Level 4.6 Shields


You had 5 spell levels left.
You didn't know any spells.

Dungeon Overview and Level Annotations

Branches:
Dungeon (3/15)

Altars:
Ashenzari
Dithmenos
Hepliaklqana
Qazlal
Wu Jian


Innate Abilities, Weirdness & Mutations

You are resistant to torment.
Your stone body is resilient. (AC +4)
You are immune to poison.
You resist negative energy. (rN+)
You are resistant to electric shocks. (rElec)
You can survive without breathing.
You are immune to petrification.
You are immune to rotting.


Message History

The orc closely misses you.
You miss something. Something hits you but does no damage.
You block the orc's attack. Something hits you but does no damage.
You closely miss something. Something hits you but does no damage.
The orc hits you but does no damage. Something hits you but does no damage.
You hit something.
An orc wizard appears from thin air!
Reactivating autopickup.
The orc wizard hits you but does no damage.
The orc hits you but does no damage. You block the orc wizard's attack.
You barely miss the orc wizard.
The orc wizard is lightly wounded.
The orc wizard casts a spell at you. The puff of frost hits you!
* * * LOW HITPOINT WARNING * * *
You block the orc's attack. The orc wizard hits you with a dagger.
* * * LOW HITPOINT WARNING * * *
You hit the orc wizard but do no damage.
The orc wizard is lightly wounded.
You block the orc's attack. The orc wizard hits you with a dagger.
You die...

.#####.# #.# .#
#. #.# .# #.#
.# #.# .# #.#
.# ###.########
.#
####...........
##
#...o..#######.
### #.##@###
..#
#..o)......#
####
####.#####.#
#_## #.# ...8#
#.. ....# ###
....8 .[..##
...8#
#########.#


You could see an orc wizard and an orc.

Vanquished Creatures
  An orc priest (D:3)
  2 orc wizards (D:3)
  6 adders
  2 worms (D:2)
  2 leopard geckos
  13 orcs (D:3)
  5 bats
  A giant cockroach (D:3)
  6 goblins
  11 hobgoblins
  12 jackals
  2 quokkas
  A ball python (D:2)
  5 frilled lizards
  10 kobolds
  6 rats
85 creatures vanquished.

Vanquished Creatures (others)
  A giant cockroach (D:3)
1 creature vanquished.

Grand Total: 86 creatures vanquished

Notes
Turn   | Place    | Note
-------+----------+-------------------------------------------
     0 | D:1      | Mitsuki the Gargoyle Fighter began the quest for the Orb.
     0 | D:1      | Reached XP level 1. HP: 14/14 MP: 1/1
    92 | D:1      | Reached XP level 2. HP: 19/19 MP: 2/2
   744 | D:1      | Reached XP level 3. HP: 23/23 MP: 3/3
  1265 | D:2      | Reached XP level 4. HP: 22/29 MP: 4/4
  1779 | D:2      | Found a hazy altar of Hepliaklqana.
  1833 | D:3      | Found a shattered altar of Ashenzari.
  1900 | D:3      | Reached XP level 5. HP: 28/33 MP: 5/5
  2040 | D:3      | Found a shadowy altar of Dithmenos.
  2387 | D:3      | Found a stormy altar of Qazlal.
  2482 | D:3      | Found an ornate altar of the Wu Jian Council.
  2706 | D:3      | Reached XP level 6. HP: 19/39 MP: 6/6
  2728 | D:3      | Slain by an orc wizard

Vault maps used:
D:1:      minmay_arrival_glassed_features
D:2:      marbit_many_paths
D:3:      grunt_qazlal_clouds, grunt_dithmenos_smoke,
          nicolae_overflow_hidden_temple, evilmike_ruin_ashenzari

Skill      XL: |  1  2  3  4 |
---------------+-------------+-----
Armour         | 4 |  4.6
Shields        | 4 |  4.6
Fighting       | 4 |  4.5
Maces & Flails | 3 |  3.4

Action                   |  1- 3 |  4- 6 || total
-------------------------+-------+-------++-------
Melee: Flail             |   162 |   269 ||   431
  Eat: Chunk             |     1 |     6 ||     7
Armor: Scale mail        |   123 |   212 ||   335
Dodge: Dodged            |    72 |    85 ||   157
Block: Shield            |   117 |   166 ||   283

Table legend:
 A = Spawn XP
 B = Non-spawn XP
 C = Spawn XP percentage of total XP
 D = Spawn monster count
 E = Non-spawn monster count
 F = Spawn count percentage of total count
 G = Total turns spent on level
                    A         B        C        D         E        F      G
               +---------+---------+-------+---------+---------+-------+---------
         Total |       0 |     348 |   0.0 |       0 |      85 |   0.0 |  2728
               +---------+---------+-------+---------+---------+-------+---------
           D:1 |       0 |      36 |   0.0 |       0 |      21 |   0.0 |   773
           D:2 |       0 |      66 |   0.0 |       0 |      23 |   0.0 |  1053
           D:3 |       0 |     246 |   0.0 |       0 |      41 |   0.0 |   902
               +---------+---------+-------+---------+---------+-------+---------
